 Dungeon Crawl Stone Soup version 0.31-a0-986-g5e6e4ef867 (webtiles) character file.

Game seed: 8492960335166478516

16 ytrimaz the Ruffian (level 2, -1/18 HPs)
             Began as an Octopode Shapeshifter on Nov 8, 2023.
             Slain by a hobgoblin (2 damage)
             ... on level 2 of the Dungeon.
             The game lasted 00:00:47 (590 turns).

ytrimaz the Ruffian (Octopode Shapeshifter)          Turns: 590, Time: 00:00:47

Health: -1/18      AC:  1    Str: 13    XL:     2   Next: 54%
Magic:  2/2        EV: 13    Int: 12    God:
Gold:   116        SH:  0    Dex: 11    Spells: 1/1 levels left

rFire   + .          .
                       - Unarmed
rCold   . . .        (no shield)
rNeg    . . .        (helmet currently unavailable)
rPois   .            (no amulet)
rElec   .            g - ring of protection from fire
rCorr   .            (no ring)
SInv    .            (no ring)
Will    .....        (no ring)
Stlth   +++          (no ring)
HPRegen 0.23/turn    (no ring)
MPRegen 0.08/turn    (no ring)
                     (no ring)

%: no passive effects
@: lethally poisoned (-1 -> -3), beast-form
A: beast (slay +1), almost no armour, amphibious, 8 rings, camouflage 1,
gelatinous body 1, (nimble swimmer 1), tentacles
a: Begin Untransformation


You were on level 2 of the Dungeon.
You were a hulking beast.
You visited 1 branch of the dungeon, and saw 2 of its levels.

You collected 116 gold pieces.


Innate Abilities, Weirdness & Mutations

You are a hulking beast.
Your limbs bulge with bestial killing power. (Slay +1)
You cannot wear most types of armour.
You are amphibious.
You can wear up to eight rings at the same time.
Your skin changes colour to match your surroundings (Stealth+).
Your rubbery body absorbs attacks. (AC +1, EV +1)
((You are camouflaged when in or above water. (Stealth+)))
You have tentacles for arms and can constrict up to eight enemies at once.


   Skills:
 - Level 1.0 Fighting
 - Level 2.0 Dodging
 * Level 2.5 Stealth
 + Level 3.2 Unarmed Combat
 - Level 3.0 Shapeshifting


You had one spell level left.
You didn't know any spells.
Your spell library was empty.

Inventory:

Jewellery
 g - a ring of protection from fire (left tentacle)
   (You found it on level 1 of the Dungeon)
Talismans
 b - a beast talisman
 c - a flux talisman
Scrolls
 h - a scroll of identify {unknown}
 i - a scroll of immolation {unknown}
Potions
 a - 2 potions of lignification
 d - 2 potions of curing {unknown}
 e - 2 potions of enlightenment {unknown}
 f - a potion of berserk rage {unknown}

Dungeon Overview and Level Annotations

Branches:
Dungeon (2/15) Zot: 11411

Altars:

#...........$....#
###.........$....#
#..............####
!.....................
..###.....>...........#
..#.................
##.##..........#####
.............†...#
........#.h.......#
........g.b.....#
.....##.........# ....
#.........# .
#.........#
#.........?.
#.........##
###########


You could see a hobgoblin and a bat.


Message History

No target in view!
You see here a +0 leather armour.
i - a scroll labelled NIUKIV DEOCERGH You see here a hobgoblin corpse.
Key pressed, stopping explore.
You see here a hobgoblin corpse.
Key pressed, stopping explore.
You see here a +0 hand axe.
Key pressed, stopping explore.
No target in view!
Done exploring.
No target in view!
Unknown command.
Done exploring.
Done exploring.
Done exploring.
No target in view!
No target in view!
Done exploring.
Unknown command.
No target in view!
Done exploring.
No target in view!
Done exploring.
Done exploring.
You see here a +0 hand axe.
There is a stone staircase leading down here.
You climb downwards.
There is a stone staircase leading up here.
A kobold is nearby!
The kobold shouts!
You closely miss the kobold. You grab the kobold. You squeeze the kobold.
You kill the kobold!
You see here a +0 short sword.
No target in view!
No target in view!
No target in view!
No target in view!
You now have 104 gold pieces (gained 10).
Found a stone staircase leading down.
You now have 116 gold pieces (gained 12).
A bat comes into view.
A bat is nearby!
A bat is nearby!
An adder comes into view.
There are monsters nearby!
A hobgoblin comes into view.
A bat comes into view.
The helpless bat fails to defend itself.
You tentacle-slap the bat.
You kill the bat!
Unknown command.
The adder hisses angrily.
The hobgoblin shouts!
The adder closely misses you.
You barely miss the adder. Your grab misses the adder.
The hobgoblin closely misses you. The adder bites you but does no damage.
You miss the adder. Your grab misses the adder. Your squeeze misses the adder.
The bat closely misses you. The adder closely misses you.
The hobgoblin misses you.
Unknown command.
You closely miss the adder. Your grab misses the adder.
The bat barely misses you. The adder barely misses you.
The bat hits you but does no damage. The hobgoblin hits you. 😕 HP[-2]
You take 2 damage, and now have 16/18 hp.
You closely miss the adder. Your grab misses the adder.
The bat hits you but does no damage. The adder closely misses you.
The bat hits you but does no damage. The hobgoblin hits you.
The adder closely misses you. 😕 HP[-1]
You take 1 damage, and now have 15/18 hp.
You barely miss the adder. You grab the adder. You constrict the adder.
The bat hits you but does no damage. The hobgoblin hits you.
The bat barely misses you. The adder bites you.
* * * LOW HITPOINT WARNING * * *
You are poisoned.
The adder poisons you! 😨 HP[-7]
You take 7 damage, and now have 8/18 hp.
MASSIVE DAMAGE!! (PAUSE)
You tentacle-slap the adder. You constrict the adder.
You feel sick. The bat hits you but does no damage. The adder bites you.
* * * LOW HITPOINT WARNING * * *
The hobgoblin barely misses you. 😨 HP[-3]
You take 3 damage, and now have 5/18 hp.
Unknown command.
You barely miss the adder. You constrict the adder.
* * * LOW HITPOINT WARNING * * *
You feel sick. The bat hits you but does no damage. The adder bites you.
* * * LOW HITPOINT WARNING * * *
The hobgoblin misses you. The adder barely misses you.
Unknown command. 😱 HP[-3]
You take 3 damage, and now have 2/18 hp.
You tentacle-slap the adder. You constrict the adder.
You kill the adder!
* * * LOW HITPOINT WARNING * * *
You feel sick. The bat closely misses you. The hobgoblin hits you.
You die...

Skill      XL: |  1 |
---------------+----+-----
Stealth        | 2 |  2.5
Fighting       | |  1.0
Dodging        | |  2.0
Unarmed Combat | |  3.2
Shapeshifting  | |  3.0

Action                     || total
---------------------------++-------
  Melee: Unarmed           ||    29
         Tentacles         ||     4
         Constrict         ||     5
   Stab: Sleeping          ||     5
 Armour: Skin              ||    18
  Dodge: Dodged            ||    26

Levels and vault maps discovered:
D:1:      lightli_arrival_boilingwater, layout_loops_ring
D:2:      layout_rooms, ebering_ecumenical_altar_rust

Notes
Turn   | Place    | Note
-------+----------+-------------------------------------------
     0 | D:1      | ytrimaz the Octopode Shapeshifter began the quest for the
                  | Orb.
     0 | D:1      | Reached XP level 1. HP: 13/13 MP: 1/1
     0 | D:1      | magus.rc [v1.9.6]
    23 | D:1      | Reached skill level 1 in Stealth
    87 | D:1      | Reached skill level 2 in Stealth
    87 | D:1      | Reached XP level 2. HP: 17/18 MP: 2/2
   589 | D:2      | HP: 4/18 [poisoned by an adder]
   590 | D:2      | HP: 1/18 [poisoned by an adder]
   590 | D:2      | Slain by a hobgoblin

Vanquished Creatures
  An adder (D:2)
  2 bats
  An endoplasm (D:1)
  A giant cockroach (D:1)
  A goblin (D:1)
  A hobgoblin (D:1)
  2 jackals (D:1)
  A quokka (D:1)
  A ball python (D:1)
  3 kobolds
  A rat (D:1)
15 creatures vanquished.

Table legend:
 A = Non-vault XP
 B = Vault XP
 C = Vault XP percentage of total XP
 D = Non-vault monster count
 E = Vault monster count
 F = Vault count percentage of total count
                 A         B        C        D         E       F
            +---------+---------+-------+---------+---------+-------
      Total |      36 |       0 |   0.0 |      15 |       0 |   0.0
            +---------+---------+-------+---------+---------+-------
        D:1 |      20 |       0 |   0.0 |      12 |       0 |   0.0
        D:2 |      16 |       0 |   0.0 |       3 |       0 |   0.0
            +---------+---------+-------+---------+---------+-------

Skill      XL: |  1 |
---------------+----+-----
Stealth        | 2 |  2.5
Fighting       | |  1.0
Dodging        | |  2.0
Unarmed Combat | |  3.2
Shapeshifting  | |  3.0

Action                     || total
---------------------------++-------
  Melee: Unarmed           ||    29
         Tentacles         ||     4
         Constrict         ||     5
   Stab: Sleeping          ||     5
 Armour: Skin              ||    18
  Dodge: Dodged            ||    26

Illustrated notes

Table legend:
 A = Kills in this place as a percentage of kills in the entire game.
 B = Kills by you in this place as a percentage of kills by you in the entire game.
 C = Kills by friends in this place as a percentage of kills by friends in the entire game.
 D = Other kills in this place as a percentage of other kills in the entire game.
 E = Experience gained in this place as a percentage of experience gained in the entire game.
 F = Experience gained in this place divided by the number of levels of this place that you have seen.
                   A       B       C       D       E      F
               +-------+-------+-------+-------+-------+----------------------
         Total | 100.0 | 100.0 |   N/A |   N/A | 100.0 |  18.0
       Dungeon | 100.0 | 100.0 |   N/A |   N/A | 100.0 |  18.0
               +-------+-------+-------+-------+-------+----------------------

Table legend: (Time is in decaauts)
 A = Elapsed time spent in this place.
 B = Non-inter-level travel time spent in this place.
 C = Inter-level travel time spent in this place.
 D = Time resting spent in this place.
 E = Time spent auto-exploring this place.
 F = Levels seen in this place.
 G = Mean time per level.
                   A        B        C        D        E       F      G
               +--------+--------+--------+--------+--------+-----+--------+
         Total |    587 |    577 |     10 |      0 |    468 |   2 |  293.5 |
       Dungeon |    587 |    577 |     10 |      0 |    468 |   2 |  293.5 |
               +--------+--------+--------+--------+--------+-----+--------+

Top non-repeatable levels by time:
     D:1: 538 daAuts
     D:2: 49 daAuts
